AoeStats
← Fredl_5.8

Arena

510284575Analyzed
2v2 RM · 1d ago on Sep 30, 2026· 45m 8s· 4 players
Game mode
Random Map
Map size
Medium (4 player)
Population
200
Speed
Normal
Resources
Standard
Victory
Conquest
Starting age
Dark Age
Ending age
Imperial Age
RankedLock teamsTeams togetherTeam positionsShared explorationLock speedFull tech treeHidden civsTurbo modeCheats
Victory
Defeat
🇹🇼 Persians · Taiwan
819
+9
🇨🇳 Franks · China
767
+11
🇭🇰 Turks · Hong Kong SAR China
683
-10
🇩🇪 Persians · Germany
650
-10
Fredl_5.8
0:36 Loom
10:45 Feudal Age
11:13 Double-Bit Axe
11:47 Horse Collar
18:54 Castle Age
20:42 Bow Saw
23:28 Stone Mining
26:41 Gold Mining
27:19 Squires
29:44 Caravan
31:35 Kamandaran
40:10 Imperial Age
38:56 Pikeman
39:22 Arson
39:50 Scale Barding Armor
39:37 Fletching
40:04 Crossbowman
42:09 Conscription
minicap
11:42 Feudal Age
15:25 Castle Age
13:23 Horse Collar
13:32 Double-Bit Axe
21:37 Loom
24:30 Wheelbarrow
24:09 Stone Mining
27:14 Hand Cart
31:34 Imperial Age
29:23 Gold Mining
32:00 Heavy Plow
32:43 Conscription
34:25 Elite Janissary
40:06 Artillery
40:33 Bow Saw
42:30 Treadmill Crane
42:45 Murder Holes
43:41 Gold Shaft Mining
43:09 Padded Archer Armor
OOLONG
0:59 Loom
6:45 Loom
10:46 Feudal Age
11:12 Double-Bit Axe
16:11 Castle Age
16:58 Bow Saw
23:58 Gold Mining
28:00 Horse Collar
30:42 Fletching
32:22 Gold Shaft Mining
34:55 Imperial Age
33:06 Wheelbarrow
34:06 Scale Barding Armor
34:04 Husbandry
34:18 Stone Mining
36:34 Onager
38:22 Two-Man Saw
38:27 Cavalier
39:30 Chain Barding Armor
39:21 Forging
41:34 Stone Shaft Mining
42:59 Plate Barding Armor
42:50 Capped Ram
44:17 Iron Casting
45001072
0:36 Loom
11:53 Feudal Age
17:29 Castle Age
17:01 Double-Bit Axe
17:12 Gold Mining
21:44 Fervor
22:26 Scale Barding Armor
23:56 Gold Shaft Mining
24:09 Forging
25:26 Fletching
26:25 Stone Mining
26:48 Bow Saw
27:40 Husbandry
28:18 Iron Casting
29:07 Wheelbarrow
29:51 Chain Barding Armor
29:21 Town Watch
32:14 Bodkin Arrow
32:33 Masonry
32:44 Ordonnance Companies
34:20 Sanctity
38:03 Imperial Age
38:33 Scale Mail Armor
39:32 Hoardings
38:26 Cavalier
41:01 Blast Furnace
40:37 Plate Barding Armor
42:04 Chain Mail Armor
44:24 Chemistry
43:55 Architecture
Connection lost

Rejoining the realm…

Still unreachable

The connection could not be restored.

Session expired

The server has moved on; the page needs a fresh start.